 Dungeon Crawl Stone Soup version 0.25.1-2-g60ff931df9 (webtiles) character file.

Game seed: 13995177974714503388

43 lepoulpe303 the Grave Robber (level 3, -5/24 HPs)
             Began as a Human Necromancer on Sept 15, 2020.
             Slain by a bullfrog (7 damage)
             ... on level 2 of the Dungeon.
             The game lasted 00:04:56 (1694 turns).

lepoulpe303 the Grave Robber (Human Necromancer)    Turns: 1694, Time: 00:04:56

Health: -5/24      AC:  2    Str:  8    XL:     3   Next: 82%
Magic:  1/6        EV: 12    Int: 16    God:
Gold:   7          SH:  0    Dex: 13    Spells: 2/7 levels left

rFire    . . .     SeeInvis .   f - +2 dagger (venom)
rCold    . . .     Gourm    .   (no shield)
rNeg     . . .     Faith    .   a - +0 robe
rPois    .         Spirit   .   (no helmet)
rElec    .         Reflect  .   (no cloak)
rCorr    .         Harm     .   (no gloves)
MR       .....                  (no boots)
Stlth    ++........             (no amulet)
HPRegen  0.08/turn              (no ring)
MPRegen  0.10/turn              (no ring)

@: very slightly contaminated
A: no striking features
a: no special abilities


You were on level 2 of the Dungeon.
You were not hungry.

You visited 1 branch of the dungeon, and saw 2 of its levels.

You collected 7 gold pieces.

Inventory:

Hand Weapons
 b - a +0 dagger of draining
 f - a +2 dagger of venom (weapon)
Missiles
 g - 13 poisoned darts (quivered)
Armour
 a - a +0 robe (worn)
Jewellery
 Q - a cursed -4 ring of protection {unknown}
Scrolls
 c - a scroll of teleportation {unknown}
 d - 3 scrolls of remove curse {unknown}
 h - 2 scrolls of fear {unknown}
Comestibles
 e - 3 rations


   Skills:
 + Level 2.3 Dodging
 + Level 2.5 Stealth
 * Level 2.5 Spellcasting
 * Level 4.4 Necromancy


You had 2 spell levels left.
You knew the following spells:

 Your Spells              Type           Power        Failure   Level  Hunger
a - Pain                  Necr           ###.         3%          1    #......
x - Vampiric Draining     Necr           ###.......   10%         3    ###....
A - Animate Skeleton      Necr           N/A          3%          1    #......

Your spell library contained the following spells:

 Spells                   Type           Power        Failure   Level  Hunger
 Animate Dead             Necr           N/A          30%         4    #####..
 Agony                    Necr           ###.....     65%         5    ######.


Dungeon Overview and Level Annotations

Branches:
Dungeon (2/15)

Altars:


Message History

You are very lightly contaminated with residual magic.
Nothing appears to happen.
* * * LOW MAGIC WARNING * * *
The bullfrog closely misses you. The bullfrog barely misses you.
There is a stone staircase leading up here.
Aim: a bullfrog (moderately wounded, chance to defeat MR: 75%)
The bullfrog writhes in agony!
* * * LOW MAGIC WARNING * * *
The bullfrog barely misses you.
You take 1 damage, and have 10/24 hp.
You now have 1/6 mp.
You hit the bullfrog.
The bullfrog is poisoned.
The bullfrog hits you but does no damage.
The bullfrog hits you!
* * * LOW HITPOINT WARNING * * *
You take 9 damage, and have 1/24 hp.
MASSIVE DAMAGE!!
The bullfrog closely misses you. The bullfrog hits you!
You die...

###############
#..<.lF@.......
#.#############
#.# #.# #.# #<#
#.# ... .....


You could see a bullfrog (very poisoned) and a frilled lizard.

Levels and vault maps discovered:
D:1:      saegor_arrival_simple_e, layout_basic, corexii_leaking_fountain
D:2:      layout_loops_ring, nicolae_gozag_cash_rules_everything_around_me,
          uniq_crazy_yiuf_cottage

Notes
Turn   | Place    | Note
-------+----------+-------------------------------------------
     0 | D:1      | lepoulpe303 the Human Necromancer began the quest for the
                  | Orb.
     0 | D:1      | Reached XP level 1. HP: 13/13 MP: 3/3
   170 | D:1      | Identified a +2 dagger of venom
   174 | D:1      | Identified a +0 club
   214 | D:1      | HP: 3/13 [dart slug/slug dart (3)]
   219 | D:1      | Reached XP level 2. HP: 4/19 MP: 0/5
   620 | D:1      | You fall into a shaft and drop 1 floor!
   622 | D:2      | Identified a +0 club
   633 | D:1      | Identified a +0 club
   650 | D:1      | Identified a +0 dagger
   651 | D:1      | Identified a +0 short sword
  1144 | D:1      | Identified a +0 dagger
  1179 | D:1      | Reached XP level 3. HP: 20/24 MP: 6/6
  1182 | D:1      | Learned a level 1 spell: Animate Skeleton
  1186 | D:1      | Learned a level 3 spell: Vampiric Draining
  1264 | D:1      | Identified a +0 short sword
  1309 | D:1      | Identified a +0 short sword
  1312 | D:1      | Identified a +0 dagger of draining
  1361 | D:1      | Identified a +0 club
  1651 | D:2      | Noticed a bullfrog
  1651 | D:2      | Identified a +2 dagger of venom
  1677 | D:2      | Identified a +0 dagger
  1690 | D:2      | HP: 1/24 [bullfrog (9)]
  1694 | D:2      | Slain by a bullfrog

Table legend:
 A = Turns spent in this place as a percentage of turns spent in the entire game.
 B = Non-inter-level travel turns spent in this place as a percentage of non-inter-level travel turns spent in the entire game.
 C = Inter-level travel turns spent in this place as a percentage of turns spent in this place.
 D = Turns resting spent in this place as a percentage of non-inter-level travel turns spent in this place.
 E = Turns spent auto-exploring this place as a percentage of non-inter-level travel turns spent in this place.
 F = Non-inter-level travel turns spent in this place divided by the number of levels of this place that you've seen.
                   A       B       C       D       E      F
               +-------+-------+-------+-------+-------+----------------------
         Total | 100.0 | 100.0 |   1.8 |  52.7 |  27.3 | 831.5
       Dungeon | 100.0 | 100.0 |   1.8 |  52.7 |  27.3 | 831.5
               +-------+-------+-------+-------+-------+----------------------

Table legend:
 A = Kills in this place as a percentage of kills in entire the game.
 B = Kills by you in this place as a percentage of kills by you in the entire game.
 C = Kills by friends in this place as a percentage of kills by friends in the entire game.
 D = Other kills in this place as a percentage of other kills in the entire game.
 E = Experience gained in this place as a percentage of experience gained in the entire game.
 F = Experience gained in this place divided by the number of levels of this place that you have seen.
                   A       B       C       D       E      F
               +-------+-------+-------+-------+-------+----------------------
         Total | 100.0 | 100.0 |   N/A |   N/A | 100.0 |  31.0
       Dungeon | 100.0 | 100.0 |   N/A |   N/A | 100.0 |  31.0
               +-------+-------+-------+-------+-------+----------------------

Action                   || total
-------------------------++-------
Melee: Unarmed           ||     9
       Dagger            ||    48
 Cast: Pain              ||    22
 Stab: Sleeping          ||     1
  Eat: Chunk             ||     3
Armor: Robe              ||    10
Dodge: Dodged            ||    62

Vanquished Creatures
  An adder (D:2)
  2 dart slugs (D:1)
  4 giant cockroaches (D:1)
  2 goblins (D:1)
  4 hobgoblins (D:1)
  7 kobolds (D:1)
  A quokka (D:2)
  3 bats (D:1)
  2 frilled lizards (D:1)
  2 rats (D:1)
28 creatures vanquished.
